 Dungeon Crawl Stone Soup version 0.30-a0-1161-g0704695555 (webtiles) character file.

Game seed: 2757886224650787839

1097 kae the Changer (level 8, -7/64 HPs)
             Began as a Merfolk Transmuter on Apr 27, 2023.
             Mangled by Duvessa
             ... wielding a +2 short sword of electrocution
              (8 damage)
             ... on level 6 of the Dungeon.
             The game lasted 00:06:31 (5447 turns).

kae the Changer (Merfolk Transmuter)                Turns: 5447, Time: 00:06:31

Health: -7/64      AC:  8    Str: 10    XL:     8   Next: 31%
Magic:  10/15      EV: 10    Int: 20    God:
Gold:   455        SH:  5    Dex: 15    Spells: 6/16 levels left

rFire   x .          .
                       - Unarmed
rCold   + + +        (shield currently unavailable)
rNeg    . . .        (body armour currently unavailable)
rPois   +            (helmet currently unavailable)
rElec   .            (cloak currently unavailable)
rCorr   .            r - melded +0 pair of gloves
SInv    .            (boots currently unavailable)
Will    .....        m - amulet of reflection
Stlth   +            Z - ring of wizardry
HPRegen 0.30/turn    I - +6 ring of intelligence
MPRegen 0.14/turn

%: reflection, wizardry (x1)
@: ice-form, wereblooded
A: freezing attack, boosted hp, large, (nimble swimmer 2), (mertail)
a: End Transformation


You were on level 6 of the Dungeon.
You were a creature of crystalline ice.
You visited 1 branch of the dungeon, and saw 6 of its levels.
You also visited: Sewer.

You collected 455 gold pieces.


Innate Abilities, Weirdness & Mutations

You are a creature of crystalline ice.
You have a powerful freezing melee attack.
Your maximum health is increased.
Your armour is entirely melded.
You are incapable of wielding weapons or throwing items.
((You are very nimble when in or above water. (Stealth+, EV+, Speed+++)))
((Your lower body shifts to a powerful aquatic tail in water.))


   Skills:
 - Level 1.1 Fighting
 - Level 2.6 Dodging
 * Level 5.7 Unarmed Combat
 + Level 4.7 Spellcasting
 + Level 6.9 Transmutations
 * Level 4.8 Ice Magic
 - Level 2.0 Poison Magic


You had 6 spell levels left.
You knew the following spells:

 Your Spells              Type           Power      Damage    Failure   Level
a - Beastly Appendage     Tmut           64%        N/A       1%          1
b - Wereblood             Tmut           32%        N/A       1%          2
c - Spider Form           Tmut/Pois      22%        N/A       2%          3
d - Ice Form              Ice/Tmut       28%        N/A       4%          4

Your spell library contained the following spells:

 Spells                   Type           Power      Damage    Failure   Level


Inventory:

Hand Weapons
 d - a +0 short sword of protection
   (You took it off a kobold on level 1 of the Dungeon)
 n - a +2 dagger of protection
   (You took it off a goblin on level 1 of the Dungeon)
Missiles
 c - 64 stones
 l - 11 poisoned darts
Armour
 a - a +0 robe
 r - a +0 pair of gloves (melded)
   (You found it on level 4 of the Dungeon)
 w - the +6 leather armour of Dawn {Will+ Regen+ Str-4}
   (You found it on level 6 of the Dungeon)

   Str:       It affects your strength (-4).
   Regen:     It increases your rate of health regeneration.
   Will:      It increases your willpower.
Magical Staves
 y - a staff of poison {!a}
   (You found it on level 6 of the Dungeon)
Jewellery
 m - an amulet of reflection (around neck)
   (You found it on level 3 of the Dungeon)
 v - a ring of see invisible
   (You found it on level 6 of the Dungeon)
 I - a +6 ring of intelligence (right front paw)
   (You found it on level 5 of the Dungeon)
 N - a ring of positive energy
   (You found it on level 5 of the Dungeon)
 Z - a ring of wizardry (left front paw)
   (You found it on level 1 of the Dungeon)
Wands
 p - a wand of polymorph (8)
   (You found it on level 5 of the Dungeon)
 u - a wand of charming (8)
   (You found it on level 5 of the Dungeon)
Scrolls
 i - 2 scrolls of amnesia
 j - 2 scrolls of teleportation {@r4}
 o - a scroll of silence {!r}
 s - 2 scrolls of identify {@r1}
 x - a scroll of immolation {!r!r}
Potions
 b - a potion of haste {@q3}
 e - 8 potions of flight
 f - a potion of curing {@q1}
 g - 4 potions of mutation {!q}
 h - a potion of brilliance
 k - 2 potions of magic {unknown}
 q - 2 potions of lignification {!q}
 t - a potion of attraction {!q}
 z - a potion of resistance {unknown}

Dungeon Overview and Level Annotations

Branches:
Dungeon (6/15) Zot: 26484  Temple (0/1) D:6           Sewer (visited)

Altars:
Wu Jian

Shops:
D:4 =

Annotations:
D:3 2 transporters, bmj180's ghost, weakling DrFE
D:5 1 runed translucent door, tilp's ghost, novice MeEE
D:6 Dowan; Duvessa

.> #.# #.# # #.# # #.#
# .. #.# # ...
.######.#####.## # ..
........Yehe.... ## .#
######.####.###
.##.###########.)......
......................#
...############..######
......# #).# ......#
##..# ......# #...#
......# #.#.#


You could see Duvessa, Dowan (fast) and a hound.


Message History

You block the howler monkey's attack.
The howler monkey hits you but does no damage.
You hit the howler monkey. You freeze the howler monkey.
The howler monkey hits you but does no damage. 😎 MP[+1]
You barely miss the howler monkey.
The howler monkey hits you but does no damage.
You punch the howler monkey! You freeze the howler monkey.
The howler monkey hoots and howls with incredible vigour!
Unknown command.
You punch the howler monkey! You freeze the howler monkey.
You kill the howler monkey!
No target in view!
You now have 395 gold pieces (gained 12).
z - a viscous dark potion 😎 MP[+3]
Your mp is fully restored (15).
No target in view!
No target in view!
You now have 407 gold pieces (gained 12).
You now have 423 gold pieces (gained 16).
Your transformation is almost over.
Found a staircase to the Ecumenical Temple.
You warm up again.
Your +0 pair of gloves unmelds from your body.
y - a staff of poison {!a} 😎 HP[-10]
You now have 54 max hp (-10).
j - 2 scrolls of teleportation {@r4} (gained 1)
There is a fountain of clear blue water here.
You now have 431 gold pieces (gained 8).
You now have 442 gold pieces (gained 11).
There is a fountain of clear blue water here.
You now have 455 gold pieces (gained 13).
You see here a +0 mace of protection.
c - 64 stones (gained 4) Duvessa and Dowan come into view.
Duvessa is wielding a +2 short sword of electrocution and wearing a +3 leather armour of cold resistance.
Dowan is wielding a +5 dagger of venom.
Unknown command.
Found a stone staircase leading down.
Casting: Ice Form (dangerous; 4% risk of failure)
Confirm with . or Enter, or press ? or * to list all spells.
You turn into a creature of crystalline ice.
Your +0 pair of gloves melds into your body.
Duvessa shouts!
You hear a bark!
You hear an angry growl.
Duvessa barely misses you.
Dowan drinks a potion.
Dowan seems to speed up.
A hound comes into view. 😎 HP[+10] MP[-4]
You now have 64 max hp (+10).
Your hp is fully restored (64).
You lost 4 mp, and now have 11/15 mp.
You hit Duvessa but do no damage.
Duvessa hits you with a +2 short sword of electrocution.
Dowan smirks and points a slender finger. 😕 HP[-5]
You take 5 damage, and now have 59/64 hp.
You punch Duvessa! You freeze Duvessa.
Duvessa says, "Where magic fails, the sword succeeds!"
Duvessa hits you but does no damage.
You hit Duvessa. You block Duvessa's attack. 😕 HP[+1]
You hit Duvessa but do no damage.
Dowan says, "Magic and the sword, together, will defeat you."
Duvessa hits you with a +2 short sword of electrocution. 😕 HP[-5]
You take 5 damage, and now have 55/64 hp.
You hit Duvessa but do no damage.
Duvessa hits you with a +2 short sword of electrocution.
You hit Duvessa but do no damage.
Dowan casts a spell.
Dowan blinks!
Duvessa closely misses you. 😕 HP[-2] MP[+1]
You take 2 damage, and now have 53/64 hp.
You hit Duvessa but do no damage.
Duvessa hits you with a +2 short sword of electrocution! 😮 HP[-7]
You take 7 damage, and now have 46/64 hp.
You hit Duvessa but do no damage. You block Duvessa's attack.
You barely miss Duvessa.
Duvessa hits you with a +2 short sword of electrocution.
You are electrocuted!
* * * LOW HITPOINT WARNING * * *
😨 HP[-15]
You take 15 damage, and now have 31/64 hp.
MASSIVE DAMAGE!! (PAUSE)
You punch Duvessa!
You freeze Duvessa. 😨 HP[+1] Unknown command.
Casting: Ice Form (dangerous; 4% risk of failure)
Confirm with . or Enter, or press ? or * to list all spells.
Your blood is infused with primal strength.
Duvessa hits you with a +2 short sword of electrocution.
* * * LOW HITPOINT WARNING * * *
You are electrocuted!!
* * * LOW HITPOINT WARNING * * *
Duvessa hits you with a +2 short sword of electrocution!
* * * LOW HITPOINT WARNING * * *
You are electrocuted!
You die...

Skill      XL: |  1  2  3  4  5  6  7 |
---------------+----------------------+-----
Transmutations | 3 4 5 6 |  6.9
Poison Magic   | 1 2 |  2.0
Spellcasting   | 3 4 |  4.7
Ice Magic      | 2 4 |  4.8
Unarmed Combat | 4 5 |  5.7
Fighting       | |  1.1
Dodging        | |  2.6

Action                     |  1- 3 |  4- 6 |  7- 9 || total
---------------------------+-------+-------+-------++-------
  Melee: Unarmed           |    23 |   121 |    66 ||   210
         Short sword       |    38 |       |       ||    38
         Headbutt          |    16 |    11 |       ||    27
         Dagger            |    60 |    79 |       ||   139
         Punch             |     2 |     1 |       ||     3
         Tailslap          |       |     6 |       ||     6
   Cast: Beastly Appendage |    27 |    14 |       ||    41
         Wereblood         |     1 |     5 |     1 ||     7
         Spider Form       |       |    15 |     2 ||    17
         Ice Form          |       |     6 |     7 ||    13
    Use: Scroll            |     6 |    11 |       ||    17
         Potion            |       |     2 |     1 ||     3
   Stab: Sleeping          |       |     3 |       ||     3
 Armour: Robe              |    37 |    29 |     1 ||    67
         Skin              |       |    24 |    13 ||    37
  Dodge: Dodged            |    90 |   130 |    21 ||   241
  Block: Other             |     1 |    50 |    12 ||    63
         Reflection        |       |     1 |     1 ||     2

Levels and vault maps discovered:
D:1:      spicycebolla_arrival_clurvy, layout_basic, serial_glass,
          glass_columns_a, glass_columns_c, minmay_strange_pillars,
          feat_on_display, minmay_surrounded
D:2:      layout_basic, minivault_11
D:3:      layout_basic, portal_sewer_entry_d, gammafunk_ghost_gnarly_gnolls,
          dreamdust_ecumenical_altar_statues, minmay_misc_feat_tower,
          wander_ebering_terrifying_dragon_lair
D:4:      layout_basic, nzn_wu_jian_council_hall, serial_shops,
          nicolae_shop_gaudy_bauble, uniq_natasha
D:5:      layout_basic, ebering_ghost_inner_flame, uniq_prince_ribbit1
D:6:      layout_basic, minmay_temple_entry_waves, nicolae_shop_clearance,
          uniq_duvessa

Notes
Turn   | Place    | Note
-------+----------+-------------------------------------------
     0 | D:1      | kae the Merfolk Transmuter began the quest for the Orb.
     0 | D:1      | Reached XP level 1. HP: 15/15 MP: 3/3
     0 | D:1      | magus.rc [v1.11.3]
   190 | D:1      | Reached skill level 3 in Transmutations
   214 | D:1      | Reached XP level 2. HP: 19/21 MP: 3/5
   219 | D:1      | Reached skill level 1 in Poison Magic
   535 | D:1      | Learned a level 2 spell: Wereblood
  1021 | D:2      | Reached XP level 3. HP: 24/26 MP: 4/6
  1025 | D:2      | Learned a level 3 spell: Spider Form
  1685 | D:2      | Reached skill level 2 in Poison Magic
  1879 | D:3      | Found a transporter.
  1905 | D:3      | Reached XP level 4. HP: 32/32 MP: 6/8
  1973 | D:3      | Reached skill level 4 in Transmutations
  1979 | D:3      | Reached skill level 3 in Spellcasting
  2052 | D:3      | Reached XP level 5. HP: 31/37 MP: 6/9
  2055 | D:3      | Found a glowing drain.
  2064 | Sewer    | Entered a sewer
  2232 | Sewer    | Reached skill level 5 in Transmutations
  2504 | Sewer    | Learned a level 4 spell: Ice Form
  2520 | Sewer    | Reached XP level 6. HP: 43/43 MP: 7/11
  2618 | Sewer    | Reached skill level 1 in Ice Magic
  2803 | D:3      | Found a transporter.
  3085 | D:3      | Found a faded altar of an unknown god.
  3247 | D:3      | Noticed bmj180's ghost (weakling DrFE)
  3619 | D:4      | Noticed Natasha
  3655 | D:4      | Found Yrher's Jewellery Emporium.
  4054 | D:4      | Killed Natasha
  4062 | D:4      | Found an ornate altar of the Wu Jian Council.
  4143 | D:5      | Entered Level 5 of the Dungeon
  4252 | D:5      | Found a runed translucent door.
  4253 | D:5      | Noticed tilp's ghost (novice MeEE)
  4280 | D:5      | Reached skill level 4 in Spellcasting
  4280 | D:5      | Reached skill level 2 in Ice Magic
  4470 | D:5      | Noticed Prince Ribbit
  4494 | D:5      | HP: 3/51 [orc wizard/puff of flame (13)]
  4496 | D:5      | Reached skill level 4 in Unarmed Combat
  4506 | D:5      | Reached XP level 7. HP: 21/48 MP: 6/13
  4514 | D:5      | Killed Prince Ribbit
  4515 | D:5      | Reached skill level 6 in Transmutations
  4515 | D:5      | Reached skill level 3 in Ice Magic
  4953 | D:6      | Reached skill level 5 in Unarmed Combat
  4953 | D:6      | Reached skill level 4 in Ice Magic
  5082 | D:6      | Identified the +6 leather armour of Dawn {Will+ Regen+
                  | Str-4}
  5102 | D:6      | Reached XP level 8. HP: 54/54 MP: 10/14
  5350 | D:6      | Found a staircase to the Ecumenical Temple.
  5432 | D:6      | Noticed Duvessa
  5432 | D:6      | Noticed Dowan
  5446 | D:6      | HP: 8/64 [Duvessa/+2 short sword of electrocution (20)]
  5447 | D:6      | HP: 1/64 [Duvessa/+2 short sword of electrocution (7)]
  5447 | D:6      | Mangled by Duvessa

Vanquished Creatures
  Prince Ribbit (D:5)
  A water moccasin (D:6)
  An ice beast (D:6)
  2 phantoms
  A howler monkey (D:6)
  3 orc priests
  A hound (D:5)
  2 sleepcaps (D:6)
  Natasha (D:4)
  An orc wizard (D:5)
  11 adders
  4 gnolls (D:3)
  4 river rats (Sewer)
  A shadow imp (D:5)
  An ufetubus (D:5)
  A worm (Sewer)
  2 dart slugs
  10 orcs
  4 endoplasms
  5 giant cockroaches
  11 goblins
  4 hobgoblins
  7 jackals
  4 quokkas
  8 ball pythons
  12 bats
  5 frilled lizards
  5 kobolds
  5 rats
118 creatures vanquished.

Vanquished Creatures (others)
  6 plants (D:3)
6 creatures vanquished.

Grand Total: 124 creatures vanquished

Table legend:
 A = Non-vault XP
 B = Vault XP
 C = Vault XP percentage of total XP
 D = Non-vault monster count
 E = Vault monster count
 F = Vault count percentage of total count
                 A         B        C        D         E       F
            +---------+---------+-------+---------+---------+-------
      Total |    1062 |     506 |  32.3 |      80 |      38 |  32.2
            +---------+---------+-------+---------+---------+-------
        D:1 |      18 |       7 |  28.0 |      14 |       4 |  22.2
        D:2 |      51 |       0 |   0.0 |      15 |       0 |   0.0
        D:3 |      91 |      14 |  13.3 |      19 |       2 |   9.5
        D:4 |      15 |      35 |  70.0 |       7 |       1 |  12.5
        D:5 |     316 |     291 |  47.9 |      16 |       1 |   5.9
        D:6 |     571 |       0 |   0.0 |       9 |       0 |   0.0
      Sewer |       0 |     159 | 100.0 |       0 |      30 | 100.0
            +---------+---------+-------+---------+---------+-------

Skill      XL: |  1  2  3  4  5  6  7 |
---------------+----------------------+-----
Transmutations | 3 4 5 6 |  6.9
Poison Magic   | 1 2 |  2.0
Spellcasting   | 3 4 |  4.7
Ice Magic      | 2 4 |  4.8
Unarmed Combat | 4 5 |  5.7
Fighting       | |  1.1
Dodging        | |  2.6

Action                     |  1- 3 |  4- 6 |  7- 9 || total
---------------------------+-------+-------+-------++-------
  Melee: Unarmed           |    23 |   121 |    66 ||   210
         Short sword       |    38 |       |       ||    38
         Headbutt          |    16 |    11 |       ||    27
         Dagger            |    60 |    79 |       ||   139
         Punch             |     2 |     1 |       ||     3
         Tailslap          |       |     6 |       ||     6
   Cast: Beastly Appendage |    27 |    14 |       ||    41
         Wereblood         |     1 |     5 |     1 ||     7
         Spider Form       |       |    15 |     2 ||    17
         Ice Form          |       |     6 |     7 ||    13
    Use: Scroll            |     6 |    11 |       ||    17
         Potion            |       |     2 |     1 ||     3
   Stab: Sleeping          |       |     3 |       ||     3
 Armour: Robe              |    37 |    29 |     1 ||    67
         Skin              |       |    24 |    13 ||    37
  Dodge: Dodged            |    90 |   130 |    21 ||   241
  Block: Other             |     1 |    50 |    12 ||    63
         Reflection        |       |     1 |     1 ||     2

Illustrated notes

Table legend:
 A = Kills in this place as a percentage of kills in the entire game.
 B = Kills by you in this place as a percentage of kills by you in the entire game.
 C = Kills by friends in this place as a percentage of kills by friends in the entire game.
 D = Other kills in this place as a percentage of other kills in the entire game.
 E = Experience gained in this place as a percentage of experience gained in the entire game.
 F = Experience gained in this place divided by the number of levels of this place that you have seen.
                   A       B       C       D       E      F
               +-------+-------+-------+-------+-------+----------------------
         Total | 100.0 | 100.0 |   N/A |   N/A | 100.0 | 224.0
       Dungeon |  74.6 |  74.6 |   N/A |   N/A |  89.9 | 234.8
         Sewer |  25.4 |  25.4 |   N/A |   N/A |  10.1 | 159.0
               +-------+-------+-------+-------+-------+----------------------

Table legend: (Time is in decaauts)
 A = Elapsed time spent in this place.
 B = Non-inter-level travel time spent in this place.
 C = Inter-level travel time spent in this place.
 D = Time resting spent in this place.
 E = Time spent auto-exploring this place.
 F = Levels seen in this place.
 G = Mean time per level.
                   A        B        C        D        E       F      G
               +--------+--------+--------+--------+--------+-----+--------+
         Total |   5331 |   5165 |    166 |    149 |   3924 |   7 |  761.6 |
       Dungeon |   4695 |   4529 |    166 |     24 |   3626 |   6 |  782.5 |
         Sewer |    636 |    636 |      0 |    125 |    298 |   1 |  636.0 |
               +--------+--------+--------+--------+--------+-----+--------+

Top non-repeatable levels by time:
     D:2: 1059 daAuts
     D:3: 817 daAuts
     D:4: 806 daAuts
     D:5: 790 daAuts
     D:1: 715 daAuts
   Sewer: 636 daAuts
     D:6: 504 daAuts
